 Dungeon Crawl Stone Soup version 0.27-a0-1180-g7fc4abc71e (webtiles) character file.

Game seed: 7708816458735969448

45 Glokmah the Cutter (level 3, -5/19 HPs)
             Began as a Spriggan Abyssal Knight on May 17, 2021.
             Was a Follower of Lugonu.
             Killed from afar by Sigmund (11 damage)
             ... with a magic dart
             ... on level 2 of the Dungeon.
             The game lasted 00:06:37 (2115 turns).

Glokmah the Cutter (Spriggan Abyssal Knight)        Turns: 2115, Time: 00:06:37

Health: -5/19      AC:  2    Str:  8    XL:     3   Next: 42%
Magic:  5/5        EV: 17    Int: 13    God:    Lugonu [*.....]
Gold:   16         SH:  0    Dex: 15    Spells: 2/2 levels left

rFire    . . .     SeeInvis +   a - +1 short sword
rCold    . . .     Faith    .   (shield restricted)
rNeg     . . .     Spirit   .   k - +0 robe
rPois    .         Reflect  .   (helmet restricted)
rElec    .         Harm     .   (no cloak)
rCorr    .         Rampage  .   (gloves unavailable)
Will     .....                  (boots unavailable)
Stlth    +.........             (no amulet)
HPRegen  0.06/turn              (no ring)
MPRegen  0.09/turn              (no ring)

@: very quick
A: very small, no large weapons, unfitting armour, see invisible, speed 3
a: Renounce Religion, Depart the Abyss


You were on level 2 of the Dungeon.
You worshipped Lugonu.
Lugonu was aware of your devotion.
You visited 1 branch of the dungeon, and saw 2 of its levels.
You visited the Abyss 1 time.

You collected 16 gold pieces.

Inventory:

Hand Weapons
 a - a +1 short sword (weapon)
 b - a +0 hunting sling
Missiles
 c - 29 sling bullets
 i - 84 arrows
Armour
 k - a +0 robe (worn)
Wands
 e - a wand of iceblast (6)
Scrolls
 d - a scroll of amnesia {unknown}
 g - 2 scrolls of identify


   Skills:
 + Level 2.7 Fighting
 * Level 3.3 Short Blades
 * Level 0.9 Slings
 - Level 3.2 Dodging
 * Level 0.0 Stealth
 - Level 2.3 Invocations


You had 2 spell levels left.
You didn't know any spells.
Your spell library contained the following spells:

 Spells                   Type           Power      Damage    Failure   Level
 Gell's Gravitas          Tloc           0%         N/A       67%         3
 Portal Projectile        Hex/Tloc       0%         N/A       67%         3
 Passage of Golubria      Tloc           N/A        N/A       97%         4
 Manifold Assault         Tloc           0%         N/A       100%        5
 Dispersal                Tloc           0%         N/A       100%        6
 Disjunction              Tloc           0%         N/A       100%        8


Dungeon Overview and Level Annotations

Branches:
Dungeon (2/15)

Altars:

Annotations:
D:2 Robin, Sigmund


Innate Abilities, Weirdness & Mutations

You are very small and have problems with some larger weapons.
You are too small for most types of armour.
You have supernaturally acute eyesight. (SInv)
You cover ground extremely quickly. (Speed+++)


Message History

Throw: 2 darts (atropa)
Press: ? - help, Q - select action, (/) - cycle Shift-Dir - straight line, f/p - Sigmund
Aim: Sigmund, wielding a +0 scythe and wearing a +0 robe (heavily wounded, 55% to hit, chance to blind on hit: 75%)
You throw an atropa-tipped dart. The atropa-tipped dart hits Sigmund.
Sigmund appears confused.
Sigmund is heavily wounded.
Sigmund cries.
You see here 3 atropa-tipped darts.
You hit Sigmund.
Sigmund is severely wounded.
Sigmund seems less confused.
Sigmund closely misses you.
You closely miss Sigmund.
Sigmund is severely wounded.
Sigmund misses you.
You hit Sigmund but do no damage.
Sigmund is severely wounded.
Sigmund casts a spell at you. The magic dart hits you!
Throw: dart (atropa)
Press: ? - help, Q - select action, (/) - cycle Shift-Dir - straight line, f/p - Sigmund
Aim: Sigmund, wielding a +0 scythe and wearing a +0 robe (severely wounded, blind, 55% to hit, chance to blind on hit: 75%)
Okay, then.
You barely miss Sigmund.
Sigmund is severely wounded.
Sigmund is no longer blind.
Sigmund points at you and mumbles some strange words.
You resist with some effort.
Throw: dart (atropa)
Press: ? - help, Q - select action, (/) - cycle Shift-Dir - straight line, f/p - Sigmund
Aim: Sigmund, wielding a +0 scythe and wearing a +0 robe (severely wounded, 55% to hit, chance to blind on hit: 75%)
You throw an atropa-tipped dart. The atropa-tipped dart hits Sigmund.
Sigmund resists.
Sigmund is severely wounded.
Sigmund completely misses you.
There is an open door here.
You see here an atropa-tipped dart.
Sigmund gestures at you while chanting. The magic dart hits you!
Ouch! That really hurt!
You die...

.##.# #......#
....# ##.#####
.#### ##'## .[.#
##...## .#.#
##.....## .#.##
#.......## .#
....##
#.........####...##
......
+.........((@....(#
#...##
#........@####...##
...# ##.......## ##
.##.# ##.....## #.
# ##...## ## ##+#


You could see Sigmund.

Vanquished Creatures
  A gnoll (D:1)
  A worm (D:2)
  2 dart slugs (D:1)
  2 bats (D:1)
  2 endoplasms (D:1)
  A giant cockroach (D:1)
  4 goblins (D:1)
  4 hobgoblins (D:1)
  3 jackals (D:1)
  A quokka (D:1)
  2 ball pythons (D:1)
  A frilled lizard (D:1)
  2 kobolds (D:1)
26 creatures vanquished.

Notes
Turn   | Place    | Note
-------+----------+-------------------------------------------
     0 | Abyss:1  | Glokmah the Spriggan Abyssal Knight began the quest for the
                  | Orb.
     0 | Abyss:1  | Reached XP level 1. HP: 11/11 MP: 3/3
    52 | Abyss:2  | Noticed a raiju
    52 | Abyss:2  | Noticed a raiju
    53 | Abyss:2  | Noticed a raiju
   125 | Abyss:2  | Noticed an iron imp
   133 | Abyss:2  | Noticed a thrashing horror
   135 | Abyss:2  | Noticed a bone dragon
   135 | Abyss:2  | Noticed a thrashing horror
   138 | D:1      | Escaped the Abyss
   430 | D:1      | Reached XP level 2. HP: 10/16 MP: 4/4
   758 | D:1      | Reached * piety under Lugonu
  1409 | D:1      | Reached XP level 3. HP: 15/19 MP: 5/5
  1521 | D:1      | Found a faded altar of an unknown god.
  1944 | D:2      | Noticed Robin
  2089 | D:2      | Noticed Sigmund
  2115 | D:2      | Killed from afar by Sigmund

Illustrated notes

Levels and vault maps discovered:
D:1:      dpeg_arrival_tiny_a, layout_rooms, hellmonk_ecumenical_altar_run_dry
D:2:      layout_loops_corners, basic_altar, uniq_terence, uniq_robin,
          uniq_sigmund

Skill      XL: |  1  2 |
---------------+-------+-----
Invocations    | 2 |  2.3
Short Blades   | 3 |  3.3
Fighting       | |  2.7
Slings         | |  0.9
Dodging        | |  3.2

Action                   || total
-------------------------++-------
Melee: Short sword       ||   126
 Fire: Hunting sling     ||     3
Throw: Dart              ||    12
Invok: Depart the Abyss  ||     1
  Use: Potion            ||     3
       Scroll            ||     4
 Stab: Invisible         ||     5
       Sleeping          ||     1
Armor: Robe              ||    12
Dodge: Dodged            ||   109

Table legend: (Time is in decaauts)
 A = Elapsed time spent in this place.
 B = Non-inter-level travel time spent in this place.
 C = Inter-level travel time spent in this place.
 D = Time resting spent in this place.
 E = Time spent auto-exploring this place.
 F = Levels seen in this place.
 G = Mean time per level.
                   A        B        C        D        E       F      G
               +--------+--------+--------+--------+--------+-----+--------+
         Total |   1786 |   1726 |     60 |    815 |    437 |   4 |  446.5 |
       Dungeon |   1700 |   1640 |     60 |    815 |    437 |   2 |  850.0 |
         Abyss |     86 |     86 |      0 |      0 |      0 |   2 |   43.0 |
               +--------+--------+--------+--------+--------+-----+--------+

Top non-repeatable levels by time:
     D:1: 1627 daAuts
     D:2: 72 daAuts
 Abyss:2: 68 daAuts
 Abyss:1: 17 daAuts
